 Dungeon Crawl Stone Soup version 0.32-a0-612-g1c984fe9d1 (webtiles) character file.

Game seed: 17684240756898633449

241 Elsrick the Grasshopper (level 6, 0/47 HPs)
             Began as a Coglin Warper on Mar 5, 2024.
             Slain by a jackal (3 damage)
             ... on level 3 of the Dungeon.
             The game lasted 00:06:02 (2485 turns).

Elsrick the Grasshopper (Coglin Warper)             Turns: 2485, Time: 00:06:04

Health: 0/47       AC: 13    Str: 14    XL:     6   Next: 8%
Magic:  9/9        EV:  4    Int: 12    God:
Gold:   153        SH:  0    Dex: 13    Spells: 9/9 levels left

rFire   . . .        a - +0 falchion {Ishleen}
rCold   . . .        e - +0 dagger {Narong}
rNeg    . . .        f - +0 plate armour
rPois   .            g - +0 helmet
rElec   .            q - +0 cloak
rCorr   .            (no gloves)
SInv    .            (no boots)
Will    .....        (amulet unavailable) Stlth
                     (ring unavailable)
HPRegen 0.27/turn    (ring unavailable)
MPRegen 0.11/turn    (no gizmo)

%: no passive effects
@: lethally poisoned (0 -> -3), hasted, revved, very quick
A: off-hand wielding, slow wielding, warmup strikes, no jewellery
a: Invent Gizmo


You were on level 3 of the Dungeon.
You visited 1 branch of the dungeon, and saw 4 of its levels.

You collected 153 gold pieces.

Inventory:

Hand Weapons
 a - a +0 falchion (weapon) {Ishleen}
 e - a +0 dagger (offhand) {Narong}
Missiles
 d - 6 darts of dispersal (quivered)
 i - 3 poisoned darts
Armour
 b - a +0 leather armour
 f - a +0 plate armour (worn)
 g - a +0 helmet (worn)
 q - a +0 cloak (worn)
Scrolls
 c - a scroll of blinking
 h - 2 scrolls of teleportation {unknown}
 o - a scroll of noise {unknown}
 u - a scroll of immolation {unknown}
Potions
 j - 2 potions of curing {unknown}
 k - 5 potions of lignification {unknown}
 l - 2 potions of degeneration {unknown}
 m - a potion of might {unknown}
 n - a potion of haste
 p - a potion of enlightenment {unknown}
 r - a potion of resistance {unknown}
 s - a potion of cancellation {unknown}
 t - a potion of berserk rage {unknown}


   Skills:
 + Level 3.2 Fighting
 + Level 1.6(2.6) Short Blades
 + Level 3.4(3.7) Long Blades
 - Level 0.8 Throwing
 + Level 2.3 Armour
 + Level 2.3 Dodging
 - Level 2.0 Spellcasting
 - Level 3.4 Translocations


You had 9 spell levels left.
You didn't know any spells.
Your spell library contained the following spells:

 Spells                   Type           Power      Damage    Failure   Level
 Blink                    Tloc           18%        N/A       100%        2
 Lesser Beckoning         Tloc           18%        N/A       100%        2
 Call Canine Familiar     Summ           1%         N/A       100%        3
 Sigil of Binding         Hex            1%         N/A       100%        3
 Teleport Other           Tloc           9%         N/A       100%        3
 Dimensional Bullseye     Hex/Tloc       2%         N/A       100%        4
 Manifold Assault         Tloc           9%         N/A       100%        4
 Vhi's Electric Charge    Tloc/Air       10%        N/A       100%        4


Dungeon Overview and Level Annotations

Branches:
Dungeon (4/15)
 Temple: D:4-7

Altars:


Innate Abilities, Weirdness & Mutations

You can wield a second weapon in your off-hand.
It takes a long time for you to wield or remove held weapons.
Your first few attacks do less damage.
You cannot equip rings or amulets.


Message History

The scorpion is moderately wounded.
You hit the scorpion with your +0 falchion.
You feel sick.
The scorpion stings you but does no damage.
The jackal bites you but does no damage.
You hit the scorpion with your +0 falchion.
The scorpion is severely wounded.
You hit the scorpion but do no damage.
You feel sick.
The jackal bites you but does no damage.
The kobold hits you but does no damage. The jackal barely misses you.
The scorpion stings you but does no damage.
You hit the scorpion with your +0 dagger.
The scorpion is severely wounded.
You hit the scorpion with your +0 falchion.
You feel sick.
The jackal bites you but does no damage.
You closely miss the scorpion with your +0 falchion.
The scorpion is almost dead.
You closely miss the scorpion with your +0 dagger.
You feel sick.
The jackal bites you but does no damage.
The scorpion stings you but does no damage.
The jackal bites you but does no damage.
The kobold hits you but does no damage.
You closely miss the scorpion with your +0 falchion.
The scorpion is almost dead.
You barely miss the scorpion with your +0 dagger.
You feel sick. The jackal bites you.
* * * LOW HITPOINT WARNING * * *
The jackal bites you but does no damage.
The scorpion stings you but does no damage.
The kobold hits you but does no damage.
You hit the scorpion but do no damage.
The scorpion is almost dead.
You hit the scorpion with your +0 falchion.
You kill the scorpion!
You feel sick. The jackal bites you.
* * * LOW HITPOINT WARNING * * *
The jackal bites you.
You die...

###.#..####.).##.#.#..##.##......
...♣..♣.###...##.#...............
.[♣♣♣.........##.###.###.##......
♣♣.♣♣♣♣.♣#....##.# #.# #.#.......
♣♣♣♣♣..÷.........###.# #.#.#####.
♣♣♣♣..♣♣..##...####..# #.#.#...#.
♣♣.♣♣♣.♣♣..###.##...## #.#.#.#.#.
♣♣♣.♣♣.♣...###.Khh### #.#.#.#.#.
♣_.♣...♣........@## #.#.#.#...
♣.♣♣♣.♣♣♣...###### #.#.#.#.#.
♣♣.♣♣♣♣♣....# #.#.#.###.
♣♣♣♣♣♣.♣..## #.#.....#. ♣..#..##
#.#######. ##.#..# #.........
#.#..# ########## #.#..# #.......
#.#..# #.######


You could see 2 jackals and a kobold.

Vanquished Creatures
  A scorpion (D:3)
  An orc priest (D:3)
  2 orc wizards
  7 adders
  3 dart slugs
  A ribbon worm (D:3)
  8 orcs (D:3)
  8 ball pythons
  8 bats
  4 endoplasms
  3 giant cockroaches (D:1)
  5 goblins
  5 hobgoblins
  8 jackals
  10 kobolds
  3 quokkas
  2 frilled lizards
  7 rats
86 creatures vanquished.

Notes
Turn   | Place    | Note
-------+----------+-------------------------------------------
     0 | D:1      | Elsrick the Coglin Warper began the quest for the Orb.
     0 | D:1      | Reached XP level 1. HP: 16/16 MP: 3/3
    46 | D:1      | Reached XP level 2. HP: 21/22 MP: 4/4
   235 | D:1      | Reached skill level 1 in Armour
   352 | D:1      | Reached XP level 3. HP: 27/27 MP: 6/6
   763 | D:2      | Reached XP level 4. HP: 28/34 MP: 7/7
  1268 | D:2      | Reached XP level 5. HP: 40/40 MP: 8/8
  1304 | D:2      | Reached skill level 1 in Short Blades
  1895 | D:3      | Reached XP level 6. HP: 37/47 MP: 9/9
  2154 | D:3      | Found a faded altar of an unknown god.
  2485 | D:3      | Slain by a jackal

Illustrated notes

Levels and vault maps discovered:
D:1:      eino_arrival_tree_alley, layout_loops_cross,
          hangedman_decor_peaks_small
D:2:      layout_rooms
D:3:      layout_basic, chequers_ecumenical_altar_grove, supply_closet_lemuel,
          serial_bayou_lagoon_b
D:4:      kennysheep_goblin_castle, layout_loops_ring,
          mainiacjoe_overflow_24_doors, hangedman_abyss_or_decor_stabs,
          kennysheep_generic_room_9, uniq_ijyb, uniq_duvessa

Skill      XL: |  1  2  3  4  5 |
---------------+----------------+-----
Spellcasting   | 2 |  2.0
Dodging        | 2 |  2.3
Armour         | 1 2 |  2.3
Short Blades   | 1 |  1.6
Long Blades    | 3 |  3.4
Fighting       | 3 |  3.2
Throwing       | |  0.8
Translocations | |  3.4

Action                     |  1- 3 |  4- 6 || total
---------------------------+-------+-------++-------
  Melee: Dagger            |    87 |   114 ||   201
         Falchion          |    88 |   117 ||   205
  Throw: Dart              |       |     1 ||     1
    Use: Potion            |       |     1 ||     1
 Armour: Leather armour    |    20 |       ||    20
         Plate armour      |    64 |   208 ||   272
  Dodge: Dodged            |    26 |    48 ||    74

Table legend: (Time is in decaauts)
 A = Elapsed time spent in this place.
 B = Non-inter-level travel time spent in this place.
 C = Inter-level travel time spent in this place.
 D = Time resting spent in this place.
 E = Time spent auto-exploring this place.
 F = Levels seen in this place.
 G = Mean time per level.
                   A        B        C        D        E       F      G
               +--------+--------+--------+--------+--------+-----+--------+
         Total |   2510 |   2431 |     79 |    310 |   1469 |   4 |  627.5 |
       Dungeon |   2510 |   2431 |     79 |    310 |   1469 |   4 |  627.5 |
               +--------+--------+--------+--------+--------+-----+--------+

Top non-repeatable levels by time:
     D:3: 1173 daAuts
     D:1: 703 daAuts
     D:2: 630 daAuts
     D:4: 2 daAuts
